| TOP OF THE 1ST |
|
Stanford University Cardinal batting - Pitching for University of North Carolina at Chapel Hill Tar Heels : LHP Gabe Zarco
|
|
Pitching: LHP Gabe Zarco
|
|
|
Batting: RHB Josh Benefield
|
0-0: Ball 1-0: Ball 2-0: Foul Ball, location: 2F 2-1: Fly out, F7 (Flyball, 7LS, EV 72.5 MPH)
|
|
Batting: RHB Bobby Orantez
|
0-0: SINGLE (Groundball, 5D, EV 103.1 MPH)
|
|
Batting: LHB Donny Kleinjan
|
0-0: Ball 1-0: Fly out, F6 (Popup, 6, EV 52.5 MPH)
|
|
Batting: RHB Joe Petley
|
0-0: Ball 1-0: Called Strike 1-1: Called Strike 1-2: Ball Passed Ball! Bobby Orantez to second 2-2: Foul Ball, location: 2F 2-2: Ball Wild Pitch! Bobby Orantez to third 3-2: Base on Balls
|
|
Batting: RHB Dzevat Koljevic
|
0-0: Called Strike 0-1: Ball 1-1: Ball 2-1: Ball 3-1: Base on Balls Joe Petley to second
|
|
Batting: SHB Philippe Huff
|
0-0: Foul Ball, location: 2F 0-1: Ball 1-1: Swinging Strike 1-2: Ground out 2-3 (Groundball, 2L, EV 70.0 MPH)
|
| Top of the 1st over - 0 runs, 1 hit, 0 errors, 3 left on base; Stanford University 0 - University of North Carolina at Chapel Hill 0 |
| BOTTOM OF THE 1ST |
|
University of North Carolina at Chapel Hill Tar Heels batting - Pitching for Stanford University Cardinal : RHP Nelson Enriquez
|
|
Pitching: RHP Nelson Enriquez
|
|
|
Batting: RHB Mike Machalek
|
0-0: Called Strike 0-1: Fly out, F9 (Line Drive, 9S, EV 90.0 MPH)
|
|
Batting: LHB Chris Robertson
|
0-0: Ball 1-0: Called Strike 1-1: Ball 2-1: Ground out 4-3 (Groundball, 4D, EV 108.8 MPH)
|
|
Batting: RHB Michael Houseman
|
0-0: Fly out, F8 (Flyball, 8RD, EV 99.4 MPH)
|
| Bottom of the 1st over - 0 runs, 0 hits, 0 errors, 0 left on base; Stanford University 0 - University of North Carolina at Chapel Hill 0 |
| TOP OF THE 2ND |
|
Stanford University Cardinal batting - Pitching for University of North Carolina at Chapel Hill Tar Heels : LHP Gabe Zarco
|
|
Batting: RHB Gary Preston
|
0-0: Ball 1-0: DOUBLE (Groundball, 5L, EV 102.5 MPH)
|
|
Batting: RHB Erwin Young
|
0-0: Called Strike 0-1: Ground out 6-3 (Groundball, 6, EV 87.5 MPH)
|
|
Batting: RHB Eric McDonald
|
0-0: SINGLE (Groundball, 56S, EV 69.4 MPH) (infield hit) Gary Preston to third
|
|
Batting: RHB Josh Benefield
|
0-0: Ball 1-0: Ball 2-0: Called Strike 2-1: Foul Ball, location: 2F 2-2: Fly out, F7 (Flyball, 7LSF, EV 85.6 MPH)
|
|
Batting: RHB Bobby Orantez
|
0-0: Ball 1-0: DOUBLE (Flyball, 8LD, EV 89.4 MPH) Gary Preston scores Eric McDonald to third Runner from 3rd tries for Home, SAFE, throw by CF to home
|
|
Batting: LHB Donny Kleinjan
|
0-0: Fly out, F8 (Line Drive, 8RM, EV 86.2 MPH)
|
| Top of the 2nd over - 2 runs, 3 hits, 0 errors, 1 left on base; Stanford University 2 - University of North Carolina at Chapel Hill 0 |
| BOTTOM OF THE 2ND |
|
University of North Carolina at Chapel Hill Tar Heels batting - Pitching for Stanford University Cardinal : RHP Nelson Enriquez
|
|
Batting: LHB Roberto Lopez
|
0-0: Ball 1-0: Called Strike 1-1: Ground out 1-3 (Groundball, 13S, EV 60.6 MPH)
|
|
Batting: SHB Jim Saxon
|
0-0: Ball 1-0: Called Strike 1-1: Ball 2-1: Ball 3-1: Base on Balls
|
|
Batting: RHB Brandon Wilson
|
0-0: Foul Ball, location: 2F 0-1: Foul Ball, location: 2F 0-2: Ball 1-2: Foul Ball, location: 2F 1-2: Foul Ball, location: 2F 1-2: Strikes out looking
|
|
Batting: RHB Tony Jennings
|
0-0: Ball 1-0: Called Strike 1-1: Ball 2-1: Foul Ball, location: 2F 2-2: Foul Ball, location: 2F 2-2: Fielders Choice at 2nd, 6-4 (Groundball, 6, EV 78.1 MPH)
|
| Bottom of the 2nd over - 0 runs, 0 hits, 0 errors, 1 left on base; Stanford University 2 - University of North Carolina at Chapel Hill 0 |
| TOP OF THE 3RD |
|
Stanford University Cardinal batting - Pitching for University of North Carolina at Chapel Hill Tar Heels : LHP Gabe Zarco
|
|
Batting: RHB Joe Petley
|
0-0: Ball 1-0: Foul Ball, location: 2F 1-1: Ball 2-1: Swinging Strike 2-2: Strikes out looking
|
|
Batting: RHB Dzevat Koljevic
|
0-0: Called Strike 0-1: SINGLE (Line Drive, 7S, EV 85.6 MPH)
|
|
Batting: SHB Philippe Huff
|
0-0: Called Strike 0-1: SINGLE (Flyball, 9S, EV 95.0 MPH) Dzevat Koljevic to second Runner from 2nd tries for 3rd, SAFE, no throw by RF
|
|
Batting: RHB Gary Preston
|
0-0: Fly out, F7 (Flyball, 7S, EV 85.0 MPH)
|
|
Batting: RHB Erwin Young
|
0-0: Ball 1-0: Ball 2-0: SINGLE (Groundball, 56, EV 94.4 MPH) Dzevat Koljevic scores Philippe Huff to second
|
|
Batting: RHB Eric McDonald
|
0-0: Swinging Strike 0-1: Foul Ball, location: 2F 0-2: Ball 1-2: Strikes out swinging
|
| Top of the 3rd over - 1 run, 3 hits, 0 errors, 2 left on base; Stanford University 3 - University of North Carolina at Chapel Hill 0 |
| BOTTOM OF THE 3RD |
|
University of North Carolina at Chapel Hill Tar Heels batting - Pitching for Stanford University Cardinal : RHP Nelson Enriquez
|
|
Batting: RHB Steve Breshears
|
0-0: Called Strike 0-1: Swinging Strike 0-2: Ball 1-2: Foul Ball, location: 2F 1-2: Foul Ball, location: 2F 1-2: Foul Ball, location: 2F 1-2: Ball 2-2: Fly out, F9 (Flyball, 89S, EV 86.9 MPH)
|
|
Batting: LHB Armando Pena
|
0-0: Called Strike 0-1: Ball 1-1: Ball 2-1: Ball 3-1: Base on Balls
|
|
Batting: RHB Mike Machalek
|
0-0: Swinging Strike 0-1: Ball 1-1: Foul Ball, location: 2F 1-2: Ball 2-2: Ball 3-2: Base on Balls Armando Pena to second
|
|
Batting: LHB Chris Robertson
|
0-0: Ball 1-0: Ball 2-0: Called Strike 2-1: Foul Ball, location: 2F 2-2: Strikes out swinging
|
|
Batting: RHB Michael Houseman
|
0-0: Foul Ball, location: 2F 0-1: 3-RUN HOME RUN (Flyball, 78XD, EV 110.6 MPH), Distance : 428 ft
|
|
Batting: LHB Roberto Lopez
|
0-0: SINGLE (Line Drive, 8RS, EV 98.1 MPH)
|
|
Batting: SHB Jim Saxon
|
0-0: Foul Ball, location: 2F 0-1: Foul Ball, location: 2F Balk! Roberto Lopez to second 0-2: Ball 1-2: Ball 2-2: Ball 3-2: Foul Ball, location: 2F 3-2: Base on Balls
|
|
Pitching: RHP Andy Swan
|
|
|
Batting: RHB Brandon Wilson
|
0-0: Foul Ball, location: 2F 0-1: Called Strike 0-2: Strikes out swinging
|
| Bottom of the 3rd over - 3 runs, 2 hits, 0 errors, 2 left on base; Stanford University 3 - University of North Carolina at Chapel Hill 3 |
| TOP OF THE 4TH |
|
Stanford University Cardinal batting - Pitching for University of North Carolina at Chapel Hill Tar Heels : LHP Gabe Zarco
|
|
Batting: RHB Josh Benefield
|
0-0: Ball 1-0: Called Strike 1-1: SINGLE (Groundball, 6MD, EV 101.2 MPH)
|
|
Batting: RHB Bobby Orantez
|
0-0: SINGLE (Line Drive, 89S, EV 106.2 MPH) Josh Benefield to second
|
|
Batting: LHB Donny Kleinjan
|
0-0: Ball 1-0: Ball 2-0: Foul Ball, location: 2F 2-1: Called Strike 2-2: Ball 3-2: Fly out, F7 (Flyball, 7D, EV 104.4 MPH)
|
|
Batting: RHB Joe Petley
|
0-0: Grounds into double play, 4-6-3 (Groundball, 4M, EV 85.0 MPH)
|
| Top of the 4th over - 0 runs, 2 hits, 0 errors, 1 left on base; Stanford University 3 - University of North Carolina at Chapel Hill 3 |
| BOTTOM OF THE 4TH |
|
University of North Carolina at Chapel Hill Tar Heels batting - Pitching for Stanford University Cardinal : RHP Andy Swan
|
|
Batting: RHB Tony Jennings
|
0-0: Ball 1-0: Called Strike 1-1: Called Strike 1-2: Ball 2-2: Foul Ball, location: 2F 2-2: Ground out 6-3 (Groundball, 6, EV 86.9 MPH)
|
|
Batting: RHB Steve Breshears
|
0-0: Ball 1-0: Foul Ball, location: 2F 1-1: Foul Ball, location: 2F 1-2: Foul Ball, location: 2F 1-2: SINGLE (Groundball, 4MD, EV 98.8 MPH)
|
|
Batting: LHB Armando Pena
|
0-0: Ball 1-0: Grounds into double play, 4-6-3 (Groundball, 4, EV 85.6 MPH)
|
| Bottom of the 4th over - 0 runs, 1 hit, 0 errors, 0 left on base; Stanford University 3 - University of North Carolina at Chapel Hill 3 |
| TOP OF THE 5TH |
|
Stanford University Cardinal batting - Pitching for University of North Carolina at Chapel Hill Tar Heels : LHP Gabe Zarco
|
|
Batting: RHB Dzevat Koljevic
|
0-0: Swinging Strike 0-1: Called Strike 0-2: Fly out, F6 (Popup, 6S, EV 71.9 MPH)
|
|
Batting: SHB Philippe Huff
|
0-0: Called Strike 0-1: Ball 1-1: Foul Ball, location: 2F 1-2: Ball 2-2: Strikes out swinging
|
|
Batting: RHB Gary Preston
|
0-0: Fly out, F9 (Flyball, 9D, EV 98.1 MPH)
|
| Top of the 5th over - 0 runs, 0 hits, 0 errors, 0 left on base; Stanford University 3 - University of North Carolina at Chapel Hill 3 |
| BOTTOM OF THE 5TH |
|
University of North Carolina at Chapel Hill Tar Heels batting - Pitching for Stanford University Cardinal : RHP Andy Swan
|
|
Pitching: LHP Larry Steen
|
|
|
Batting: RHB Mike Machalek
|
0-0: SINGLE (Line Drive, 9LS, EV 93.1 MPH)
|
|
Batting: LHB Chris Robertson
|
0-0: Ball 1-0: Foul Ball, location: 2F 1-1: Grounds out, U3 (Groundball, 3L, EV 87.5 MPH)
|
|
Batting: RHB Michael Houseman
|
0-0: Ball 1-0: Ground out U3 (Groundball, 34, EV 86.2 MPH) Mike Machalek to third
|
|
Batting: LHB Roberto Lopez
|
0-0: Ball 1-0: Fly out, F6 (Popup, 6, EV 57.5 MPH)
|
| Bottom of the 5th over - 0 runs, 1 hit, 0 errors, 1 left on base; Stanford University 3 - University of North Carolina at Chapel Hill 3 |
| TOP OF THE 6TH |
|
Stanford University Cardinal batting - Pitching for University of North Carolina at Chapel Hill Tar Heels : LHP Gabe Zarco
|
|
Batting: RHB Erwin Young
|
0-0: Ball 1-0: Called Strike 1-1: Ground out 5-3 (Groundball, 5, EV 85.0 MPH)
|
|
Batting: RHB Eric McDonald
|
0-0: Foul Ball, location: 2F 0-1: Called Strike 0-2: Foul Ball, location: 2F 0-2: Foul Ball, location: 2F 0-2: Ball 1-2: Foul Ball, location: 2F 1-2: Strikes out looking
|
|
Batting: RHB Josh Benefield
|
0-0: Ball 1-0: Called Strike 1-1: Foul Ball, location: 2F 1-2: Foul Ball, location: 2F 1-2: Foul Ball, location: 2F 1-2: Foul Ball, location: 2F 1-2: Ball 2-2: Ball 3-2: Base on Balls
|
|
Pitching: RHP Jason Kaelber
|
|
|
Batting: RHB Bobby Orantez
|
0-0: Called Strike 0-1: Ball 1-1: Ball 2-1: Ball 3-1: Fielders Choice at 2nd, 6-4 (Groundball, 6, EV 90.0 MPH)
|
| Top of the 6th over - 0 runs, 0 hits, 0 errors, 1 left on base; Stanford University 3 - University of North Carolina at Chapel Hill 3 |
| BOTTOM OF THE 6TH |
|
University of North Carolina at Chapel Hill Tar Heels batting - Pitching for Stanford University Cardinal : LHP Larry Steen
|
|
Batting: SHB Jim Saxon
|
0-0: Ball 1-0: Fly out, F8 (Flyball, 8RXD, EV 89.4 MPH)
|
|
Batting: RHB Brandon Wilson
|
0-0: Called Strike 0-1: Ball 1-1: Called Strike 1-2: Foul Ball, location: 2F 1-2: Foul Ball, location: 2F 1-2: Fly out, F6 (Popup, 56D, EV 53.1 MPH)
|
|
Batting: RHB Tony Jennings
|
0-0: Called Strike 0-1: SOLO HOME RUN (Flyball, 9D, EV 97.5 MPH), Distance : 384 ft
|
|
Pitching: RHP Joe Kill
|
|
|
Batting: RHB Steve Breshears
|
0-0: SOLO HOME RUN (Flyball, 7D, EV 97.5 MPH), Distance : 369 ft
|
|
Batting: LHB Armando Pena
|
0-0: Ball 1-0: Foul Ball, location: 2F 1-1: Foul Ball, location: 2F 1-2: Foul Ball, location: 2F 1-2: Ball 2-2: Ball 3-2: Base on Balls
|
|
Batting: RHB Mike Machalek
|
0-0: Ball 1-0: Called Strike 1-1: Foul Ball, location: 2F 1-2: Ball 2-2: Ball 3-2: Base on Balls Armando Pena to second
|
|
Batting: LHB Chris Robertson
|
0-0: SINGLE (Line Drive, 8LS, EV 97.5 MPH) Armando Pena to third Mike Machalek to second Runner from 3rd tries for Home, SAFE, throw by CF to home
|
|
Batting: RHB Michael Houseman
|
0-0: Foul Ball, location: 2F 0-1: Ground out 3-1 (Groundball, 34, EV 78.8 MPH)
|
| Bottom of the 6th over - 3 runs, 3 hits, 0 errors, 2 left on base; Stanford University 3 - University of North Carolina at Chapel Hill 6 |
| TOP OF THE 7TH |
|
Stanford University Cardinal batting - Pitching for University of North Carolina at Chapel Hill Tar Heels : RHP Jason Kaelber
|
|
Batting: LHB Donny Kleinjan
|
0-0: Ball 1-0: Foul Ball, location: 2F 1-1: Foul Ball, location: 2F 1-2: Foul Ball, location: 2F 1-2: Strikes out swinging
|
|
Batting: RHB Ricky Medina
|
0-0: Ball 1-0: Ball 2-0: Called Strike 2-1: Ball 3-1: Base on Balls
|
|
Batting: RHB Dzevat Koljevic
|
0-0: Fielders Choice at 2nd, 6-4 (Groundball, 6MS, EV 85.0 MPH)
|
|
Batting: SHB Philippe Huff
|
0-0: Called Strike Dzevat Koljevic steals 2nd base 0-1: Called Strike 0-2: Hit by Pitch
|
|
Batting: RHB Gary Preston
|
0-0: Swinging Strike 0-1: Foul Ball, location: 2F 0-2: Ball 1-2: Ball 2-2: Ball 3-2: Foul Ball, location: 2F 3-2: Base on Balls Dzevat Koljevic to third Philippe Huff to second
|
|
Pitching: RHP Ian Hunt
|
|
|
Pinch Hitting: RHB John Van der Linden
|
0-0: Swinging Strike 0-1: Ball 1-1: Called Strike 1-2: Strikes out swinging
|
| Top of the 7th over - 0 runs, 0 hits, 0 errors, 3 left on base; Stanford University 3 - University of North Carolina at Chapel Hill 6 |
| BOTTOM OF THE 7TH |
|
University of North Carolina at Chapel Hill Tar Heels batting - Pitching for Stanford University Cardinal : RHP Joe Kill
|
|
Pitching: RHP Dante Verduzco
|
|
|
Now at 2B: John Van der Linden
|
|
|
Batting: LHB Roberto Lopez
|
0-0: Called Strike 0-1: Swinging Strike 0-2: Ball 1-2: Ball 2-2: Ball 3-2: Ground out 4-3 (Groundball, 4, EV 96.9 MPH)
|
|
Batting: SHB Jim Saxon
|
0-0: Called Strike 0-1: Ball 1-1: Ball 2-1: SOLO HOME RUN (Flyball, 9D, EV 94.4 MPH), Distance : 364 ft
|
|
Batting: RHB Brandon Wilson
|
0-0: Ball 1-0: Ball 2-0: Ground out 6-3 (Groundball, 56, EV 90.6 MPH)
|
|
Batting: RHB Tony Jennings
|
0-0: Ball 1-0: Foul Ball, location: 2F 1-1: Ground out 6-3 (Groundball, 56, EV 90.6 MPH)
|
| Bottom of the 7th over - 1 run, 1 hit, 0 errors, 0 left on base; Stanford University 3 - University of North Carolina at Chapel Hill 7 |
| TOP OF THE 8TH |
|
Stanford University Cardinal batting - Pitching for University of North Carolina at Chapel Hill Tar Heels : RHP Ian Hunt
|
|
Pitching: RHP Berry Dow
|
|
|
Batting: RHB Eric McDonald
|
0-0: Called Strike 0-1: Swinging Strike 0-2: Ball 1-2: Strikes out swinging
|
|
Batting: RHB Josh Benefield
|
0-0: Swinging Strike 0-1: Called Strike 0-2: Ball 1-2: Ball 2-2: Strikes out looking
|
|
Batting: RHB Bobby Orantez
|
0-0: Foul Ball, location: 2F 0-1: SOLO HOME RUN (Flyball, 78XD, EV 110.6 MPH), Distance : 433 ft
|
|
Batting: LHB Donny Kleinjan
|
0-0: Swinging Strike 0-1: SINGLE (Groundball, 34D, EV 100.0 MPH)
|
|
Batting: RHB Ricky Medina
|
0-0: Foul Ball, location: 2F 0-1: Ball 1-1: Called Strike 1-2: Foul Ball, location: 2F 1-2: Ball 2-2: Ball 3-2: Foul Ball, location: 2F 3-2: Base on Balls Donny Kleinjan to second
|
|
Pitching: RHP Herb Bickford
|
|
|
Batting: RHB Dzevat Koljevic
|
0-0: Swinging Strike 0-1: Ball 1-1: Ball 2-1: Swinging Strike 2-2: Strikes out looking
|
| Top of the 8th over - 1 run, 2 hits, 0 errors, 2 left on base; Stanford University 4 - University of North Carolina at Chapel Hill 7 |
| BOTTOM OF THE 8TH |
|
University of North Carolina at Chapel Hill Tar Heels batting - Pitching for Stanford University Cardinal : RHP Dante Verduzco
|
|
Pitching: RHP Steven Townsend
|
|
|
Batting: RHB Steve Breshears
|
0-0: Fly out, F9 (Flyball, 9D, EV 90.0 MPH)
|
|
Batting: LHB Armando Pena
|
0-0: Called Strike 0-1: Swinging Strike 0-2: Foul Ball, location: 2F 0-2: Ball 1-2: Ball 2-2: Ball 3-2: Ground out U3 (Groundball, 3S, EV 86.2 MPH)
|
|
Batting: RHB Mike Machalek
|
0-0: SINGLE (Line Drive, 78S, EV 114.4 MPH)
|
|
Batting: LHB Chris Robertson
|
0-0: Foul Ball, location: 2F 0-1: Called Strike 0-2: Ball 1-2: Ball 2-2: Strikes out swinging
|
| Bottom of the 8th over - 0 runs, 1 hit, 0 errors, 1 left on base; Stanford University 4 - University of North Carolina at Chapel Hill 7 |
| TOP OF THE 9TH |
|
Stanford University Cardinal batting - Pitching for University of North Carolina at Chapel Hill Tar Heels : RHP Herb Bickford
|
|
Batting: SHB Philippe Huff
|
0-0: Ball 1-0: Ground out 4-3 (Groundball, 4M, EV 105.6 MPH)
|
|
Batting: RHB Gary Preston
|
0-0: Called Strike 0-1: Foul Ball, location: 2F 0-2: Ball 1-2: Ground out 1-3 (Groundball, 13S, EV 76.2 MPH)
|
|
Batting: RHB John Van der Linden
|
0-0: Ball 1-0: Ball 2-0: Foul Ball, location: 2F 2-1: SINGLE (Groundball, 4D, EV 101.2 MPH)
|
|
Batting: RHB Eric McDonald
|
0-0: Ball 1-0: Swinging Strike 1-1: Ball 2-1: Swinging Strike 2-2: Strikes out swinging
|
| Top of the 9th over - 0 runs, 1 hit, 0 errors, 1 left on base; Stanford University 4 - University of North Carolina at Chapel Hill 7 |
|